 Dungeon Crawl Stone Soup version 0.30-a0-305-g026cb31310 (webtiles) character file.

Game seed: 749865559296054011

112 GreatBamboolord the Grave Robber (level 4, -6/31 HPs)
             Began as a Demonspawn Necromancer on Oct 21, 2022.
             Killed by nerve-wracking pain
             ... invoked by Jessica
              (13 damage)
             ... on level 2 of the Dungeon.
             The game lasted 00:07:44 (1820 turns).

GreatBamboolord the Grave Robber (DsNe)             Turns: 1820, Time: 00:07:44

Health: -6/31      AC:  7    Str:  8    XL:     4   Next: 64%
Magic:  0/8        EV: 12    Int: 19    God:
Gold:   33         SH:  0    Dex: 13    Spells: 8/9 levels left

rFire   . . .      SeeInvis .    (no weapon)
rCold   . . .      Faith    .    (no shield)
rNeg    . . .      Spirit   .    n - +0 animal skin
rPois   .          Reflect  .    (no helmet)
rElec   .          Harm     .    (no cloak)
rCorr   .          Rampage  .    (no gloves)
Will    .....                    (no boots)
Stlth   ++........               (no amulet)
HPRegen 0.25/turn                p - +4 ring of protection
MPRegen 0.11/turn                (no ring)

@: attractive
A: claws 1, powered by pain 1, sharp scales 1
a: no special abilities


You were on level 2 of the Dungeon.
You visited 1 branch of the dungeon, and saw 2 of its levels.

You collected 33 gold pieces.

Inventory:

Hand Weapons
 o - a +1 quarterstaff
Armour
 a - a +0 robe
 n - a +0 animal skin (worn)
Jewellery
 p - a +4 ring of protection (left claw)
Scrolls
 f - a scroll of fear
 g - a scroll of torment
 h - a scroll of identify {unknown}
 i - a scroll of vulnerability {unknown}
 j - a scroll of poison {unknown}
 l - 2 scrolls of teleportation {unknown}
 m - 2 scrolls of enchant weapon
Potions
 b - a potion of magic
 c - a potion of curing
 d - a potion of attraction
 e - a potion of degeneration {unknown}
 k - a potion of flight {unknown}


   Skills:
 * Level 0.9 Fighting
 * Level 2.0 Dodging
 + Level 1.8 Stealth
 * Level 3.0 Spellcasting
 * Level 5.7 Necromancy


You had 8 spell levels left.
You knew the following spells:

 Your Spells              Type           Power      Damage    Failure   Level
a - Necrotise             Necr           96%        1d8       1%          1

Your spell library contained the following spells:

 Spells                   Type           Power      Damage    Failure   Level
 Vampiric Draining        Necr           24%        2d7       4%          3
 Animate Dead             Necr           24%        N/A       14%         4
 Agony                    Necr           24%        N/A       36%         5


Dungeon Overview and Level Annotations

Branches:
Dungeon (2/15)

Altars:

Shops:
D:1 [:?(?

Annotations:
D:2 Jessica


Innate Abilities, Weirdness & Mutations

You have sharp fingernails.
You sometimes gain a little power by taking damage.
You are partially covered in razor-sharp scales. (AC +1, Slay +1)


Message History

Jessica resists with significant effort.
Jessica points at you and mumbles some strange words.
Pain shoots through your body!
Aiming: Necrotise (safe; 1% risk of failure)
Press: ? - help, Q - select action Shift-Dir - straight line, f/p - Jessica
Aim: Jessica, wielding a +2 spectral club and wearing a +2 robe of willpower (heavily wounded, chance to affect: 61%) Jessica resists with significant effort.
Jessica hits you with a +2 spectral club.
You barely miss Jessica.
Jessica is heavily wounded.
Jessica hits you with a +2 spectral club.
* * * LOW HITPOINT WARNING * * *
It was a potion of attraction.
You feel attractive to monsters.
Jessica shouts, "You're disturbing me!
I'll have to kill you!"
Jessica hits you with a +2 spectral club.
* * * LOW HITPOINT WARNING * * *
It was a potion of curing.
You feel better. Jessica hits you but does no damage.
You closely miss Jessica.
Jessica is heavily wounded.
Jessica hits you with a +2 spectral club.
You scratch Jessica.
Jessica is severely wounded.
Jessica gestures wildly while chanting.
Jessica blinks!
Jessica is attracted toward you.
Aiming: Necrotise (safe; 1% risk of failure)
Press: ? - help, Q - select action Shift-Dir - straight line, f/p - Jessica
Aim: Jessica, wielding a +2 spectral club and wearing a +2 robe of willpower (severely wounded, chance to affect: 61%) Jessica resists with significant effort.
Jessica hits you with a +2 spectral club.
You closely miss Jessica.
Jessica is severely wounded.
Jessica hits you with a +2 spectral club.
* * * LOW HITPOINT WARNING * * *
You scratch Jessica.
Jessica is almost dead.
Jessica gestures at you while chanting. Pain shoots through your body!
You die...

# #.#.# ?
#.#.#######
#
#.#.......#
.
#.#######.#
. #.# #ยง#
. #.# #.# #
#.# #@# #@#
.........#
########..#
#.# .# .# .
.


You could see Jessica.

Vanquished Creatures
  Robin (D:2)
  3 gnolls (D:2)
  An adder (D:2)
  2 bats
  An endoplasm (D:1)
  8 goblins
  2 hobgoblins (D:2)
  2 jackals (D:2)
  3 quokkas
  7 ball pythons
  2 frilled lizards (D:1)
  7 rats
39 creatures vanquished.

Vanquished Creatures (collateral kills)
  A gnoll (D:2)
  An adder (D:2)
  An endoplasm (D:2)
  A goblin (D:2)
  A jackal (D:2)
  A frilled lizard (D:2)
6 creatures vanquished.

Grand Total: 45 creatures vanquished

Notes
Turn   | Place    | Note
-------+----------+-------------------------------------------
     0 | D:1      | GreatBamboolord the Demonspawn Necromancer began the quest
                  | for the Orb.
     0 | D:1      | Reached XP level 1. HP: 13/13 MP: 3/3
    22 | D:1      | Found Yfantu's Magic Scroll Shoppe.
   327 | D:1      | Found Taehaaps's Antique Armour Boutique.
   347 | D:1      | Gained mutation: You sometimes gain a little power by
                  | taking damage. [demonic ancestry]
   347 | D:1      | Reached XP level 2. HP: 19/19 MP: 1/5
   605 | D:1      | Found Ecemmick's Magic Scroll Shop.
   740 | D:1      | Found Tecs's Book Boutique.
   915 | D:1      | Found Mim Xur's Antique Weapon Shop.
  1067 | D:2      | Reached skill level 5 in Necromancy
  1070 | D:2      | Gained mutation: You have sharp fingernails. [demonic
                  | ancestry]
  1070 | D:2      | Reached XP level 3. HP: 23/25 MP: 0/6
  1232 | D:2      | Gained mutation: You are partially covered in razor-sharp
                  | scales. (AC +1, Slay +1) [demonic ancestry]
  1232 | D:2      | Reached XP level 4. HP: 10/31 MP: 4/8
  1506 | D:2      | Noticed Robin
  1511 | D:2      | Killed Robin
  1804 | D:2      | Noticed Jessica
  1820 | D:2      | Killed from afar by Jessica

Illustrated notes

Levels and vault maps discovered:
D:1:      shiori_shiawase, layout_basic, serial_shops, nicolae_shop_crystal,
          nicolae_shop_window_shopping, nicolae_shop_advertising_works
          [nicolae_subvault_shop_adworks], nicolae_shop_window_shopping,
          shop_scrolls
D:2:      layout_basic, hangedman_decor_growths, dreamdust_princess_bridge,
          uniq_robin, uniq_jessica

Skill      XL: |  1  2  3  4 |
---------------+-------------+-----
Necromancy     | 5 |  5.7
Spellcasting   | 3 |  3.0
Dodging        | 2 |  2.0
Fighting       | |  0.9
Stealth        | |  1.8

Action                   |  1- 3 |  4- 6 || total
-------------------------+-------+-------++-------
Melee: Unarmed           |    18 |    14 ||    32
       Quarterstaff      |       |     2 ||     2
       Punch             |       |     1 ||     1
 Cast: Necrotise         |    43 |    34 ||    77
  Use: Scroll            |     2 |     3 ||     5
       Potion            |       |     2 ||     2
 Stab: Sleeping          |       |     1 ||     1
Armor: Robe              |     7 |       ||     7
       Animal skin       |       |     3 ||     3
Dodge: Dodged            |    18 |    14 ||    32

Table legend: (Time is in decaauts)
 A = Elapsed time spent in this place.
 B = Non-inter-level travel time spent in this place.
 C = Inter-level travel time spent in this place.
 D = Time resting spent in this place.
 E = Time spent auto-exploring this place.
 F = Levels seen in this place.
 G = Mean time per level.
                   A        B        C        D        E       F      G
               +--------+--------+--------+--------+--------+-----+--------+
         Total |   1819 |   1772 |     47 |    113 |   1358 |   2 |  909.5 |
       Dungeon |   1819 |   1772 |     47 |    113 |   1358 |   2 |  909.5 |
               +--------+--------+--------+--------+--------+-----+--------+

Top non-repeatable levels by time:
     D:1: 1113 daAuts
     D:2: 706 daAuts
